 Dungeon Crawl Stone Soup version 0.29.1-2-gbd0b4ee654 (webtiles) character file.

Game seed: 12685757425035859761

66 qeuew the Shooter (level 3, -1/18 HPs)
             Began as a Spriggan Hunter on Nov 2, 2022.
             Slain by a hobgoblin (5 damage)
             ... led by Robin
             ... on level 2 of the Dungeon.
             The game lasted 00:05:28 (1348 turns).

qeuew the Shooter (Spriggan Hunter)                 Turns: 1348, Time: 00:05:28

Health: -1/18      AC:  2    Str:  7    XL:     3   Next: 96%
Magic:  4/4        EV: 18    Int: 10    God:
Gold:   128        SH:  0    Dex: 20    Spells: 2/2 levels left

rFire   . . .      SeeInvis +   f - +0 dagger
rCold   . . .      Faith    .   (no shield)
rNeg    . . .      Spirit   .   c - +0 robe
rPois   .          Reflect  .   (helmet restricted)
rElec   .          Harm     .   (no cloak)
rCorr   .          Rampage  .   (gloves unavailable)
Will    .....                   (boots unavailable)
Stlth   ++........              (no amulet)
HPRegen 0.06/turn               (no ring)
MPRegen 0.09/turn               (no ring)

@: very quick
A: very small, no large weapons, unfitting armour, see invisible, speed 3
a: no special abilities


You were on level 2 of the Dungeon.
You visited 1 branch of the dungeon, and saw 2 of its levels.

You collected 128 gold pieces.

Inventory:

Hand Weapons
 a - a +0 shortbow
 f - a +0 dagger (weapon)
Armour
 c - a +0 robe (worn)
Scrolls
 d - a scroll of enchant armour {unknown}
 g - a scroll of teleportation {unknown}
Potions
 b - a potion of mutation {unknown}
 e - a potion of brilliance
 h - a potion of curing


   Skills:
 + Level 2.0 Fighting
 + Level 1.2 Short Blades
 * Level 4.7 Ranged Weapons
 + Level 3.3 Dodging
 + Level 2.5 Stealth


You had 2 spell levels left.
You didn't know any spells.
Your spell library contained the following spells:

 Spells                   Type           Power      Damage    Failure   Level
 Confusing Touch          Hex            0%         N/A       75%         3
 Gell's Gravitas          Tloc           0%         N/A       75%         3
 Teleport Other           Tloc           0%         N/A       75%         3
 Yara's Violent Unravell  Hex/Tmut       0%         3d3       100%        5
 Dispersal                Tloc           0%         N/A       100%        6
 Enfeeble                 Hex            0%         N/A       100%        7


Dungeon Overview and Level Annotations

Branches:
Dungeon (2/15)

Altars:


Innate Abilities, Weirdness & Mutations

You are very small and have problems with some larger weapons.
You are too small for most types of armour.
You have supernaturally acute eyesight. (SInv)
You cover ground extremely quickly. (Speed+++)


Message History

You shoot an arrow. The arrow misses the goblin.
The goblin misses you.
You shoot an arrow. The arrow hits the goblin!
You kill the goblin!
You shoot an arrow.
The arrow completely misses the hobgoblin.
You shoot an arrow. The arrow hits Robin.
Robin is lightly wounded.
The hobgoblin misses you. Robin closely misses you. Robin misses you.
The hobgoblin hits you.
You shoot an arrow. The arrow hits Robin.
Robin is heavily wounded.
The hobgoblin no longer looks unusually strong.
The hobgoblin closely misses you. Robin hits you with a +0 mace.
You shoot an arrow. The arrow hits Robin!
Robin is almost dead.
Robin roars a battlecry!
The hobgoblin goes into a battle-frenzy!
The hobgoblin hits you.
You are too injured to fight recklessly!
You are too injured to fight recklessly!
f - a +0 dagger (weapon)
The hobgoblin completely misses you.
Robin drinks a potion.
Robin is healed!
You hit Robin.
Robin is heavily wounded.
The hobgoblin completely misses you. Robin completely misses you.
You hit Robin.
Robin is severely wounded.
The hobgoblin barely misses you. Robin completely misses you.
You hit Robin.
Robin is severely wounded.
You hit Robin.
You kill Robin!
The hobgoblin hits you.
* * * LOW HITPOINT WARNING * * *
Your Fighting skill increases to level 2!
You hit the hobgoblin but do no damage. The hobgoblin barely misses you.
You hit the hobgoblin.
The hobgoblin is heavily wounded.
The hobgoblin hits you.
You die...

#......# #.##........
#.####.####.##.........
#.# #...##.##÷...... #
#.# ###.##.##.)[..... #
#.# #..#.#.. ).. ####.#
##.#.#)# )... '<##.#
#.#.#.##).... #.##.#
#....g)...... #.†..#
#####@####... ######
#.# # #.# #.# #.# #.#
#.# #..


You could see a hobgoblin (strong).

Vanquished Creatures
  Robin (D:2)
  A worm (D:2)
  4 ball pythons (D:1)
  An endoplasm (D:2)
  4 giant cockroaches (D:1)
  13 goblins
  6 hobgoblins
  4 quokkas
  5 bats (D:1)
  A frilled lizard (D:2)
  4 kobolds
  2 rats (D:1)
46 creatures vanquished.

Vanquished Creatures (others)
  2 fungi (D:1)
  2 toadstools (D:1)
4 creatures vanquished.

Grand Total: 50 creatures vanquished

Notes
Turn   | Place    | Note
-------+----------+-------------------------------------------
     0 | D:1      | qeuew the Spriggan Hunter began the quest for the Orb.
     0 | D:1      | Reached XP level 1. HP: 10/10 MP: 2/2
    85 | D:1      | Reached XP level 2. HP: 14/14 MP: 3/3
   452 | D:1      | Found a faded altar of an unknown god.
   686 | D:1      | Reached XP level 3. HP: 18/18 MP: 4/4
   838 | D:2      | Reached skill level 1 in Short Blades
   875 | D:2      | Noticed Robin
  1346 | D:2      | Killed Robin
  1348 | D:2      | Slain by a hobgoblin

Illustrated notes

Levels and vault maps discovered:
D:1:      dpeg_arrival_oval, layout_rooms, dilly_ecumenical_altar_fadedgnrine,
          st_stairs_1, minmay_gold_behind_fungi, kennysheep_minor_cross,
          minmay_misc_feat_nine_boxes, corexii_hall_statues_x,
          corexii_corridor_pit, hangedman_decor_peaks_small
D:2:      layout_basic, uniq_sigmund, uniq_robin

Skill      XL: |  1  2  3 |
---------------+----------+-----
Stealth        | 2 |  2.5
Dodging        | 3 |  3.3
Short Blades   | 1 |  1.2
Fighting       | 2 |  2.0
Ranged Weapons | |  4.7

Action                   || total
-------------------------++-------
Melee: Dagger            ||    13
 Fire: Shortbow          ||   103
  Use: Scroll            ||     3
       Potion            ||     2
Armor: Robe              ||     7
Dodge: Dodged            ||    50
